 Dungeon Crawl Stone Soup version 0.22-a0-292-g0df9d5f (webtiles) character file.

47 medis the Grave Robber (level 3, 0/26 HPs)
             Began as a Demonspawn Necromancer on Mar 23, 2018.
             Slain by a worm (11 damage)
             ... on level 2 of the Dungeon.
             The game lasted 00:04:32 (1779 turns).

medis the Grave Robber (Demonspawn Necromancer)     Turns: 1779, Time: 00:04:34

Health: 0/26       AC:  2    Str:  8    XL:     3   Next: 48%
Magic:  1/6        EV: 13    Int: 16    God:
Gold:   16         SH:  0    Dex: 14    Spells: 4/6 levels left

rFire    . . .     SeeInvis .   d - +0 dagger
rCold    + . .     Gourm    .   (no shield)
rNeg     . . .     Faith    .   a - +0 robe
rPois    .         Spirit   .   (no helmet)
rElec    .         Reflect  .   (no cloak)
rCorr    .         Harm     .   (no gloves)
MR       .....                  (no boots)
Stlth    ++........             (no amulet)
HPRegen  0.08/turn              (no ring)
MPRegen  0.10/turn              (no ring)

@: no status effects
A: cold resistance 1, sturdy frame 1
a: no special abilities


You were on level 2 of the Dungeon.
You were hungry.

You visited 1 branch of the dungeon, and saw 2 of its levels.

You collected 16 gold pieces.

Inventory:

Hand Weapons
 d - a +0 dagger (weapon)
Armour
 a - a +0 robe (worn)
 i - a cursed +0 scale mail
Scrolls
 e - a scroll of fear {unknown}
 f - a scroll of magic mapping {unknown}
 h - 3 scrolls of teleportation {unknown}
 j - a scroll of remove curse {unknown}
 k - a scroll of identify {unknown}
Potions
 b - a potion of haste {unknown}
 g - a potion of heal wounds {unknown}
 l - a potion of might {unknown}
Comestibles
 c - a ration


   Skills:
 + Level 1.5 Fighting
 + Level 0.1 Short Blades
 + Level 2.4 Dodging
 + Level 2.6 Stealth
 - Level 2.0 Spellcasting
 - Level 4.3 Necromancy


You had 4 spell levels left.
You knew the following spells:

 Your Spells              Type           Power        Failure   Level  Hunger
a - Pain                  Necr           ###.         3%          1    #......
b - Animate Skeleton      Necr           N/A          3%          1    #......


Dungeon Overview and Level Annotations

Branches:
Dungeon (2/15)

Altars:
Nemelex Xobeh


Innate Abilities, Weirdness & Mutations

Your flesh is cold resistant. (rC+)
Your movements are slightly less encumbered by armour. (ER -2)


Message History

Casting: Pain (safe; 3% risk of failure)
Confirm with . or Enter, or press ? or * to list all spells.
You don't have enough magic to cast that spell.
Casting: Pain (safe; 3% risk of failure)
Confirm with . or Enter, or press ? or * to list all spells.
You don't have enough magic to cast that spell.
You hit the worm but do no damage.
The worm is almost dead.
The worm misses you.
You hit the worm but do no damage.
The worm is almost dead.
You barely miss the worm.
The worm is almost dead.
The worm barely misses you.
You barely miss the worm.
The worm is severely wounded.
You hit the worm but do no damage.
The worm is severely wounded.
The worm bites you!
You die...

#.# #........#.#.# +
#.# #.##.).#.#.#.# ..#
#.###.####.#.#.#.#....#
#............#.......#
#####.####'###.#.#.###
#........#.#.#.#
#........#.#.# #
#..†.....#w#.#
#........#@#.#
#........#.#.#
#.####'###.#.#
#..........#.#
######.#####.#
#........<# #.#.#####.#
#.#.# #.# . #.#####.#


You could see a worm.

Vanquished Creatures
  An ooze (D:1)
  A worm (D:2)
  2 leopard geckos (D:1)
  2 bats
  5 giant cockroaches
  2 goblins (D:1)
  6 hobgoblins
  3 jackals (D:1)
  5 kobolds (D:1)
  A quokka (D:2)
  5 frilled lizards
  3 rats
36 creatures vanquished.

Vanquished Creatures (collateral kills)
  A frilled lizard (D:1)
1 creature vanquished.

Grand Total: 37 creatures vanquished

Notes
Turn   | Place    | Note
-------+----------+-------------------------------------------
     0 | D:1      | medis the Demonspawn Necromancer began the quest for the Orb.
     0 | D:1      | Reached XP level 1. HP: 13/13 MP: 3/3
   488 | D:1      | Learned a level 1 spell: Animate Skeleton
   526 | D:1      | Gained mutation: Your flesh is cold resistant. (rC+) [demonic ancestry]
   526 | D:1      | Reached XP level 2. HP: 20/20 MP: 3/5
   623 | D:1      | Reached skill level 1 in Fighting
  1046 | D:1      | Gained mutation: Your movements are slightly less encumbered by armour. (ER -2) [demonic ancestry]
  1046 | D:1      | Reached XP level 3. HP: 21/26 MP: 2/6
  1622 | D:2      | Found a sparkling altar of Nemelex Xobeh.
  1779 | D:2      | Slain by a worm

Vault maps used:
D:1:      dpeg_arrival_solitude, minivault_19
D:2:      tgw_xom, grunt_temple_overflow_cloverleaf, bloody_trog,
          uniq_crazy_yiuf_cottage, uniq_sigmund

Skill      XL: |  1  2 |
---------------+-------+-----
Stealth        | 2 |  2.6
Dodging        | 2 |  2.4
Fighting       | 1 |  1.5
Short Blades   | |  0.1
Spellcasting   | |  2.0
Necromancy     | |  4.3

Action                   || total
-------------------------++-------
Melee: Unarmed           ||    11
       Dagger            ||    24
 Cast: Pain              ||    63
       Animate Skeleton  ||     4
  Eat: Chunk             ||     3
Armor: Robe              ||     7
Dodge: Dodged            ||    36

Table legend:
 A = Spawn XP
 B = Non-spawn XP
 C = Spawn XP percentage of total XP
 D = Spawn monster count
 E = Non-spawn monster count
 F = Spawn count percentage of total count
 G = Total turns spent on level
                    A         B        C        D         E        F      G
               +---------+---------+-------+---------+---------+-------+---------
         Total |       0 |      68 |   0.0 |       0 |      37 |   0.0 |  1779
               +---------+---------+-------+---------+---------+-------+---------
           D:1 |       0 |      52 |   0.0 |       0 |      28 |   0.0 |  1430
           D:2 |       0 |      16 |   0.0 |       0 |       9 |   0.0 |   349
               +---------+---------+-------+---------+---------+-------+---------
